 Dungeon Crawl Stone Soup version 0.29-a0-231-g945431f764 (webtiles) character file.

Game seed: 13953577458522162829

308 Ajdolov the Bolt Thrower (level 6, 0/66 HPs)
             Began as a Formicid Hunter on Feb 28, 2022.
             Slain by a black bear (7 damage)
             ... on level 4 of the Dungeon.
             The game lasted 00:08:54 (4323 turns).

Ajdolov the Bolt Thrower (Formicid Hunter)          Turns: 4323, Time: 00:08:54

Health: 0/66       AC: 23    Str: 17    XL:     6   Next: 68%
Magic:  6/6        EV:  2    Int: 10    God:
Gold:   172        SH:  0    Dex: 13    Spells: 5/5 levels left

rFire   + . .      SeeInvis .   b - +2 falchion (holy)
rCold   + . .      Faith    .   (no shield)
rNeg    . . .      Spirit   .   (body armour currently unavailable)
rPois   +          Reflect  .   (helmet unavailable)
rElec   +          Harm     .   (cloak currently unavailable)
rCorr   +          Rampage  .   (gloves currently unavailable)
Will    .....                   (boots currently unavailable)
Stlth   ++........              (no amulet)
HPRegen 0.21/turn               j - ring of resist corrosion
MPRegen 0.10/turn               (no ring)

@: tree-form, resistant
A: stationary, stasis, torment immunity, boosted hp, permanent stasis, dig
shafts and tunnels, (antennae 3), four strong arms
a: no special abilities


You were on level 4 of the Dungeon.
You were a tree.
You visited 2 branches of the dungeon, and saw 6 of its levels.

You collected 172 gold pieces.

Inventory:

Hand Weapons
 a - a +1 hand crossbow
 b - a +2 falchion of holy wrath (weapon)
Armour
 h - a +0 chain mail
 p - a +0 leather armour (melded)
Jewellery
 j - a ring of resist corrosion (left branch)
Scrolls
 c - 4 scrolls of identify
 d - 2 scrolls of fear {unknown}
 f - 2 scrolls of enchant armour {unknown}
 g - 3 scrolls of noise
 m - a scroll of magic mapping {unknown}
 o - a scroll of enchant weapon {unknown}
 r - a scroll of teleportation {unknown}
 s - a scroll of immolation {unknown}
 u - a scroll of silence {unknown}
Potions
 n - a potion of invisibility {unknown}
 t - a potion of lignification


   Skills:
 - Level 2.1 Fighting
 * Level 6.8 Crossbows
 + Level 3.0 Armour
 - Level 1.7 Dodging
 - Level 1.2 Stealth


You had 5 spell levels left.
You didn't know any spells.
Your spell library contained the following spells:

 Spells                   Type           Power      Damage    Failure   Level
 Ensorcelled Hibernation  Hex/Ice        0%         N/A       50%         2
 Spider Form              Tmut/Pois      0%         N/A       75%         3
 Anguish                  Hex/Necr       0%         N/A       98%         4


Dungeon Overview and Level Annotations

Branches:
Dungeon (5/15)             Temple (1/1) D:5

Altars:
Ashenzari
Cheibriados
Dithmenos
Hepliaklqana
Okawaru
Ru
Uskayaw
Vehumet
Yredelemnul
Zin
The Shining One

Shops:
D:2 (


Innate Abilities, Weirdness & Mutations

You are a tree.
Your roots penetrate the ground, keeping you stationary.
You cannot be teleported.
You are immune to unholy pain and torment.
Your maximum health is greatly increased.
Your equipment is partially melded.
You cannot be hasted, slowed, berserked, paralysed or teleported.
You can dig through walls and to a lower floor.
((You have a pair of large antennae on your head. (SInv)))
Your four strong arms can wield two-handed weapons with a shield.


Message History

It was a potion of flight.
Your roots keep you in place.
The black bear bites you but does no damage.
The black bear claws you but does no damage. x2
The black bear bites you but does no damage.
The black bear barely misses you. The black bear claws you.
* * * LOW HITPOINT WARNING * * *
It was a potion of resistance.
You feel protected.
The black bear bites you but does no damage.
The black bear claws you.
* * * LOW HITPOINT WARNING * * *
The black bear completely misses you.
It was a potion of heal wounds.
You feel much better.
The black bear bites you but does no damage.
The black bear claws you but does no damage.
The black bear claws you.
* * * LOW HITPOINT WARNING * * *
The black bear bites you but does no damage.
The black bear claws you but does no damage. x2
You barely miss the black bear.
The black bear is severely wounded.
The black bear bites you.
* * * LOW HITPOINT WARNING * * *
The black bear claws you.
* * * LOW HITPOINT WARNING * * *
The black bear claws you but does no damage.
You hit the black bear.
The black bear is almost dead.
The black bear bites you but does no damage.
The black bear claws you but does no damage.
The black bear claws you.
* * * LOW HITPOINT WARNING * * *
The black bear bites you but does no damage.
The black bear barely misses you. x2
You closely miss the black bear. You punch the black bear.
The black bear is almost dead.
The black bear bites you but does no damage.
The black bear claws you but does no damage. x2
The black bear bites you!
You die...

....).......#..## #...........#..
......#.....#...###..............
.....##.............###........#.
......#.....###.....###.....#..#.
...........#####....##.....##)...
#.....(....))<......##........<..
##..........####.................
#........### ##.................
##.........####.♣##.##.....###...
....#........##.h##........# ###.
...###...........##.....#### ##
...#........###.####....##
.............#..###......#
#.......#......##.##.##..#
#####..###........#....###
.###..## #####....#....# ##.....#
##........#


You could see a black bear (berserk).

Vanquished Creatures
  An ogre (D:3)
  A necrophage (D:5)
  4 gnolls
  3 adders
  An ufetubus (D:4)
  A worm (D:2)
  2 dart slugs
  9 orcs
  5 endoplasms
  4 giant cockroaches
  4 goblins
  2 hobgoblins
  5 jackals (D:1)
  3 quokkas
  5 ball pythons
  5 bats
  3 frilled lizards
  13 kobolds
  4 rats
75 creatures vanquished.

Vanquished Creatures (others)
  4 plants (D:1)
4 creatures vanquished.

Grand Total: 79 creatures vanquished

Notes
Turn   | Place    | Note
-------+----------+-------------------------------------------
     0 | D:1      | Ajdolov the Formicid Hunter began the quest for the Orb.
     0 | D:1      | Reached XP level 1. HP: 16/16 MP: 1/1
    72 | D:1      | Reached XP level 2. HP: 22/22 MP: 2/2
   187 | D:1      | Reached XP level 3. HP: 27/27 MP: 3/3
   294 | D:1      | Reached skill level 5 in Crossbows
   373 | D:1      | Found a faded altar of an unknown god.
  1003 | D:2      | Reached XP level 4. HP: 18/33 MP: 4/4
  1401 | D:2      | Found Siolujoh's Weapon Boutique.
  1500 | D:2      | Reached skill level 1 in Armour
  1718 | D:3      | Found a hide-covered altar of Uskayaw.
  2399 | D:3      | Reached XP level 5. HP: 31/38 MP: 5/5
  2635 | D:4      | Noticed an ogre
  2829 | D:3      | Killed an ogre
  2830 | D:3      | Reached skill level 6 in Crossbows
  2830 | D:3      | Reached XP level 6. HP: 31/44 MP: 6/6
  3888 | D:5      | Entered Level 5 of the Dungeon
  3889 | D:5      | Found a staircase to the Ecumenical Temple.
  3912 | D:5      | Noticed a black bear
  3915 | Temple   | Entered the Ecumenical Temple
  4314 | D:4      | HP: 2/66 [black bear (3)]
  4319 | D:4      | HP: 2/66 [black bear (3)]
  4323 | D:4      | Slain by a black bear

Illustrated notes

Levels and vault maps discovered:
D:1:      pf_arrival_petrified_forest, layout_basic,
          shapermc_ecumenical_altar_mp_ritualfount, serial_bayou_pond_c,
          st_stairs_6
D:2:      layout_loops_ring, serial_shops, nicolae_shop_bloodbath_and_beyond
D:3:      layout_loops_ring, mainiacjoe_overflow_catwalk,
          minmay_misc_feat_secret_circle
D:4:      layout_cave_pools, kennysheep_another_room
D:5:      layout_cave_pools, minitemple, minmay_temple_entry_glass,
          gammafunk_ghost_nasty_kobolds, fountainhead
Temple:   dpeg_chambers_temple

Skill      XL: |  1  2  3  4  5  6 |
---------------+-------------------+-----
Crossbows      | 5 6 |  6.8
Armour         | 1 2 3 |  3.0
Fighting       | |  2.1
Dodging        | |  1.7
Stealth        | |  1.2

Action                   |  1- 3 |  4- 6 || total
-------------------------+-------+-------++-------
Melee: Falchion          |       |    31 ||    31
       Punch             |       |     1 ||     1
 Fire: Hand crossbow     |   110 |   145 ||   255
Throw: Throwing net      |       |     1 ||     1
 Abil: Dig               |       |     1 ||     1
  Use: Potion            |       |     7 ||     7
       Scroll            |       |     1 ||     1
Armor: Leather armour    |    13 |    19 ||    32
       Skin              |       |    30 ||    30
Dodge: Dodged            |    33 |    87 ||   120

Table legend: (Time is in decaauts)
 A = Elapsed time spent in this place.
 B = Non-inter-level travel time spent in this place.
 C = Inter-level travel time spent in this place.
 D = Time resting spent in this place.
 E = Time spent auto-exploring this place.
 F = Levels seen in this place.
 G = Mean time per level.
                   A        B        C        D        E       F      G
               +--------+--------+--------+--------+--------+-----+--------+
         Total |   4398 |   4256 |    142 |    886 |   2322 |   6 |  733.0 |
       Dungeon |   4067 |   3927 |    140 |    770 |   2119 |   5 |  813.4 |
        Temple |    330 |    328 |      2 |    116 |    203 |   1 |  330.0 |
               +--------+--------+--------+--------+--------+-----+--------+

Top non-repeatable levels by time:
     D:3: 1326 daAuts
     D:4: 995 daAuts
     D:2: 861 daAuts
     D:1: 844 daAuts
  Temple: 330 daAuts
     D:5: 39 daAuts
